 Dungeon Sprint DCSS version 0.17-a0-1311-gbcbd859 (webtiles) character file.

10000000 Kidiri the Conqueror (level 27, -10/323 HPs)
             Began as an Ogre Berserker on June 8, 2015.
             Was the Champion of Makhleb.
             Killed from afar by a wretched soul (42 damage)
             ... with a bolt of negative energy
             ... in the Dungeon (Sprint VIII: "Arena of Blood").
             The game lasted 00:05:24 (100 turns).

Kidiri the Conqueror (Ogre Berserker)                Turns: 100, Time: 00:05:24

Health: -10/323    AC:  5    Str: 39    XL:     27
Magic:  40/54      EV: 18    Int:  6    God:    Makhleb [******]
Gold:   0          SH:  0    Dex:  9    Spells: 0 memorised, 80 levels left

rFire  . . .     SeeInvis .     j - +∞ Axe of Woe
rCold  . . .     Clarity  .     b - +0 animal skin
rNeg   . . .     SustAt   .     (no shield)
rPois  .         Gourm    .     (helmet restricted)
rElec  .         Spirit   .     (no cloak)
rCorr  .         Warding  .     (gloves unavailable)
rMut   .         NoTele   +     (boots unavailable)
MR     ++...                    (no amulet)
Stlth  +++++.....               a - +200 ring of slaying
                                k - +30 ring of slaying

@: slowed, lost intelligence, heavily drained, very slow, very resistant to
hostile enchantments, quite stealthy
A: unfitting armour, tough skin 1
a: Minor Destruction, Lesser Servant of Makhleb, Major Destruction, Greater
Servant of Makhleb, Renounce Religion


You were in the Dungeon.
You worshipped Makhleb.
Makhleb was exalted by your worship.
You were not hungry.

You visited 1 branch

Inventory:

Hand weapons
 j - the +∞ Axe of Woe (weapon)
   (You found it in the Dungeon)
 l - a +9 war axe
Armour
 b - a +0 animal skin (worn)
Jewellery
 a - a +200 ring of slaying (right hand)
 k - a +30 ring of slaying (left hand)
Scrolls
 i - a scroll of blinking
Potions
 f - a potion of haste
 g - 2 potions of magic
 h - a potion of berserk rage
Comestibles
 c - a bread ration


   Skills:
 O Level 27(22.9) Fighting
 O Level 27(22.9) Axes
 O Level 27(22.9) Throwing
 O Level 27(22.9) Armour
 O Level 27(22.9) Dodging
 O Level 27(22.9) Stealth
 O Level 27(22.9) Unarmed Combat
 O Level 27(22.9) Spellcasting
 O Level 27(22.9) Invocations


You had 80 spell levels left.
You didn't know any spells.

Dungeon Overview and Level Annotations

Branches:
Dungeon (1/1)

Altars:
Makhleb


Innate Abilities, Weirdness & Mutations

You are too large for most types of armour.
You have tough skin (AC +1).


Message History

You hear a shout! x3
A bolt of negative energy appears from out of thin air!
The bolt of negative energy hits you!
You feel drained.
* * * LOW HITPOINT WARNING * * *
You hear a shout!
An orc, an ogre and a wraith come into view.
There is a burning altar of Makhleb, spattered with blood here.
Items here: ))) === † Unknown command.
Drink which item? (? for menu, Esc to quit)
You feel much better.
You hear a shout! x5
The bag of meat is engulfed in roaring flames.
The bag of meat hits you with a +9 war axe!!
* * * LOW HITPOINT WARNING * * *
You hear a shout! x3
The reaper is engulfed in roaring flames.
A bolt of negative energy appears from out of thin air!
The bolt of negative energy hits you!
You feel drained.
You die...

.... o. ..... ..
#... o.# . #%..
..# ..###.O.
..###.
......)###%.....
%..%.%))_)......
....%#W)2).#....
... #@M<)_# . .
#§o).§#
#.{...o§)_).o....
......2M###§o....
..%###... ..###.
.. #... ..# #....
..# ..... .%
....... ..


You could see 2 accurseds, 2 reapers, a dread, a meat berserker (berserk) and 4
bags of meat.

Vanquished Creatures
  Sigmund (D)
  6 hell beasts (D)
  4 greater mummies (D)
  2 great orbs of eyes (D)
  2 wraiths (D)
  18 vampire knights (D)
  26 ogres (D)
  4 liches (D)
  2 hydras (D)
  49 orcs (D)
  5 hill giants (D)
  7 skeletal warriors (D)
  2 large abominations (D)
  8 small abominations (D)
  15 crawling corpses (D)
151 creatures vanquished.

Vanquished Creatures (others)
  A crawling corpse (D)
1 creature vanquished.

Grand Total: 152 creatures vanquished

Notes
Turn   | Place    | Note
--------------------------------------------------------------
     0 | D        | Kidiri the Ogre Berserker began the quest for the Orb.
     0 | D        | Reached XP level 1. HP: 24/24 MP: 1/1
     3 | D        | Noticed a bag of meat
     3 | D        | Noticed a bag of meat
     3 | D        | Killed a bag of meat
     3 | D        | Reached skill level 21 in Fighting
     3 | D        | Reached skill level 15 in Dodging
     3 | D        | Reached XP level 2. HP: 28/70 MP: 2/2
     3 | D        | Reached XP level 3. HP: 31/78 MP: 3/3
     3 | D        | Reached XP level 4. HP: 34/88 MP: 4/4
     3 | D        | Reached XP level 5. HP: 37/96 MP: 5/5
     3 | D        | Reached XP level 6. HP: 40/106 MP: 6/6
     3 | D        | Reached XP level 7. HP: 43/114 MP: 7/7
     3 | D        | Reached XP level 8. HP: 46/124 MP: 8/8
     3 | D        | Reached XP level 9. HP: 48/132 MP: 9/9
     3 | D        | Reached XP level 10. HP: 52/143 MP: 10/10
     3 | D        | Reached XP level 11. HP: 54/150 MP: 11/11
     3 | D        | Reached XP level 12. HP: 57/161 MP: 12/12
     4 | D        | Noticed a bag of meat
     8 | D        | Killed a bag of meat
     8 | D        | Acquired Trog's second power
     8 | D        | Reached skill level 23 in Fighting
     8 | D        | Reached skill level 15 in Axes
     8 | D        | Reached XP level 13. HP: 61/178 MP: 13/13
     9 | D        | Noticed a bag of meat
    10 | D        | Killed a bag of meat
    10 | D        | Reached skill level 25 in Fighting
    10 | D        | Reached XP level 14. HP: 65/193 MP: 14/14
    11 | D        | Noticed a meat berserker
    11 | D        | Noticed a meat berserker
    11 | D        | Fell from the grace of Trog
    11 | D        | Became a worshipper of Makhleb the Destroyer
    12 | D        | Noticed a large bag of meat
    12 | D        | Noticed a bag of meat
    13 | D        | Killed a bag of meat
    13 | D        | Reached skill level 27 in Fighting
    14 | D        | Noticed a bag of meat
    14 | D        | Noticed a bag of meat
    14 | D        | Killed a meat berserker
    14 | D        | Acquired Makhleb's first power
    14 | D        | Reached XP level 15. HP: 142/206 MP: 15/15
    15 | D        | Noticed a bag of meat
    15 | D        | Killed a meat berserker
    15 | D        | Reached XP level 16. HP: 150/217 MP: 16/16
    16 | D        | Noticed a bag of meat
    16 | D        | Noticed a bag of meat
    16 | D        | Noticed a bag of meat
    16 | D        | Noticed a bag of meat
    16 | D        | Noticed a bag of meat
    18 | D        | Noticed a bag of meat
    18 | D        | Noticed a bag of meat
    18 | D        | Noticed a meat berserker
    19 | D        | Noticed a meat berserker
    19 | D        | Noticed a bag of meat
    19 | D        | Killed a bag of meat
    19 | D        | Acquired Makhleb's second power
    19 | D        | Killed a bag of meat
    19 | D        | Reached XP level 17. HP: 226/226 MP: 17/17
    20 | D        | Noticed a bag of meat
    20 | D        | Noticed a bag of meat
    20 | D        | Killed a large bag of meat
    20 | D        | Acquired Makhleb's third power
    20 | D        | Reached skill level 27 in Dodging
    20 | D        | Killed a bag of meat
    20 | D        | Killed a meat berserker
    20 | D        | Acquired Makhleb's fourth power
    20 | D        | Reached skill level 27 in Axes
    20 | D        | Reached XP level 18. HP: 198/236 MP: 18/18
    21 | D        | Noticed a bag of meat
    21 | D        | Killed a bag of meat
    21 | D        | Reached skill level 5 in Stealth
    21 | D        | Reached skill level 5 in Unarmed Combat
    21 | D        | Reached skill level 5 in Spellcasting
    21 | D        | Reached skill level 5 in Invocations
    21 | D        | Killed a bag of meat
    21 | D        | Killed a bag of meat
    21 | D        | Reached skill level 10 in Spellcasting
    21 | D        | Reached skill level 10 in Invocations
    23 | D        | Noticed a bag of meat
    23 | D        | Noticed a destroyer
    23 | D        | Killed a bag of meat
    23 | D        | Acquired Makhleb's fifth power
    23 | D        | Reached skill level 10 in Armour
    23 | D        | Reached skill level 10 in Stealth
    23 | D        | Reached skill level 10 in Unarmed Combat
    23 | D        | Reached XP level 19. HP: 175/245 MP: 18/35
    23 | D        | Killed a bag of meat
    25 | D        | Noticed a meat berserker
    25 | D        | Killed a bag of meat
    25 | D        | Reached skill level 15 in Throwing
    26 | D        | Noticed a bag of meat
    26 | D        | Killed a meat berserker
    26 | D        | Reached skill level 15 in Stealth
    26 | D        | Reached skill level 15 in Unarmed Combat
    26 | D        | Reached XP level 20. HP: 256/256 MP: 18/40
    26 | D        | Killed a bag of meat
    27 | D        | Killed a bag of meat
    27 | D        | Reached skill level 15 in Armour
    27 | D        | Killed a bag of meat
    27 | D        | Killed a bag of meat
    27 | D        | Killed a destroyer
    27 | D        | Reached XP level 21. HP: 265/265 MP: 19/46
    28 | D        | Noticed a destroyer
    29 | D        | Killed a destroyer
    29 | D        | Killed a bag of meat
    29 | D        | Reached XP level 22. HP: 275/275 MP: 19/50
    30 | D        | Killed a bag of meat
    30 | D        | Killed a bag of meat
    31 | D        | Killed a meat berserker
    32 | D        | Noticed a destroyer
    32 | D        | Noticed a destroyer
    33 | D        | Noticed a bag of meat
    33 | D        | Noticed a destroyer
    33 | D        | Noticed a destroyer
    33 | D        | Noticed a destroyer
    34 | D        | Killed a bag of meat
    34 | D        | Reached skill level 27 in Throwing
    35 | D        | Noticed a destroyer
    36 | D        | Noticed a sculptor of flesh
    37 | D        | Killed a destroyer
    37 | D        | Reached skill level 27 in Spellcasting
    37 | D        | Reached skill level 27 in Invocations
    37 | D        | Reached XP level 23. HP: 112/284 MP: 21/54
    37 | D        | Killed a destroyer
    37 | D        | Reached skill level 27 in Stealth
    37 | D        | Reached skill level 27 in Unarmed Combat
    38 | D        | Killed a destroyer
    38 | D        | Reached skill level 27 in Armour
    38 | D        | Reached XP level 24. HP: 229/295 MP: 22/54
    39 | D        | Noticed a meat berserker
    39 | D        | Killed a destroyer
    40 | D        | Noticed a bag of meat
    40 | D        | Killed a bag of meat
    40 | D        | Killed a destroyer
    40 | D        | Reached XP level 25. HP: 304/304 MP: 22/54
    41 | D        | Noticed a sculptor of flesh
    42 | D        | Noticed a meat berserker
    42 | D        | Noticed a bag of meat
    42 | D        | Noticed a meat berserker
    42 | D        | Noticed a sculptor of flesh
    42 | D        | Noticed a destroyer
    43 | D        | Noticed a bag of meat
    43 | D        | Noticed a bag of meat
    43 | D        | Noticed a large bag of meat
    44 | D        | Noticed a bag of meat
    44 | D        | Killed a meat berserker
    45 | D        | Noticed a meat berserker
    45 | D        | Noticed a bag of meat
    46 | D        | Noticed a meat berserker
    46 | D        | Noticed a bag of meat
    46 | D        | Noticed a bag of meat
    46 | D        | Noticed a destroyer
    46 | D        | Noticed a destroyer
    46 | D        | Noticed a destroyer
    46 | D        | Noticed a destroyer
    46 | D        | Killed a sculptor of flesh
    47 | D        | Noticed a destroyer
    47 | D        | Noticed a sculptor of flesh
    47 | D        | Killed a meat berserker
    48 | D        | Noticed a meat berserker
    48 | D        | Noticed a sculptor of flesh
    48 | D        | Killed a meat berserker
    49 | D        | Killed a meat berserker
    49 | D        | Reached XP level 26. HP: 314/314 MP: 24/54
    50 | D        | Noticed a bag of meat
    50 | D        | Killed a large bag of meat
    51 | D        | Noticed a sculptor of flesh
    51 | D        | Noticed a bag of meat
    51 | D        | Noticed a tyrant
    51 | D        | Killed a destroyer
    51 | D        | Killed a destroyer
    51 | D        | Killed a bag of meat
    51 | D        | Reached XP level 27. HP: 323/323 MP: 25/54
    52 | D        | Noticed a bag of meat
    52 | D        | Noticed a bag of meat
    52 | D        | Noticed a large bag of meat
    53 | D        | Noticed a bag of meat
    53 | D        | Noticed an accursed
    53 | D        | Noticed a bag of meat
    53 | D        | Killed a bag of meat
    53 | D        | Killed a destroyer
    53 | D        | Killed a sculptor of flesh
    53 | D        | Killed a bag of meat
    53 | D        | Killed a meat berserker
    55 | D        | Killed a sculptor of flesh
    55 | D        | Killed a bag of meat
    56 | D        | Killed a destroyer
    57 | D        | Noticed a destroyer
    57 | D        | Killed a sculptor of flesh
    58 | D        | Noticed a meat berserker
    58 | D        | Killed a bag of meat
    58 | D        | Killed a sculptor of flesh
    59 | D        | Noticed a meat beast
    59 | D        | Killed a bag of meat
    59 | D        | Killed a tyrant
    60 | D        | Noticed a destroyer
    60 | D        | Noticed a destroyer
    61 | D        | Noticed a meat beast
    61 | D        | Noticed a dread
    61 | D        | Killed a large bag of meat
    61 | D        | Killed a bag of meat
    61 | D        | Killed a meat berserker
    61 | D        | Killed a meat beast
    62 | D        | Noticed a destroyer
    62 | D        | Noticed a bag of meat
    63 | D        | Noticed a dread
    63 | D        | Killed a bag of meat
    63 | D        | Killed a destroyer
    63 | D        | Killed a destroyer
    63 | D        | Killed a bag of meat
    64 | D        | Noticed a meat berserker
    64 | D        | Killed a destroyer
    65 | D        | Killed a bag of meat
    66 | D        | Killed a meat berserker
    66 | D        | Killed a destroyer
    66 | D        | Killed a destroyer
    67 | D        | Noticed a meat berserker
    67 | D        | Noticed a meat berserker
    67 | D        | Killed a bag of meat
    68 | D        | Killed a dread
    68 | D        | Killed a meat berserker
    68 | D        | Killed a bag of meat
    69 | D        | Noticed a large bag of meat
    69 | D        | Noticed a meat berserker
    69 | D        | Noticed a meat berserker
    69 | D        | Noticed a meat berserker
    69 | D        | Noticed a bag of meat
    69 | D        | Noticed a meat beast
    70 | D        | Noticed a bag of meat
    70 | D        | Noticed a meat berserker
    70 | D        | Noticed a tyrant
    70 | D        | Killed a meat berserker
    70 | D        | Killed a meat berserker
    70 | D        | Killed a meat beast
    71 | D        | Noticed a sculptor of flesh
    71 | D        | Noticed a bag of meat
    71 | D        | Noticed a bag of meat
    71 | D        | Noticed a bag of meat
    71 | D        | Noticed a meat berserker
    71 | D        | Killed a meat berserker
    71 | D        | Killed a bag of meat
    71 | D        | Killed a bag of meat
    72 | D        | Noticed a bag of meat
    72 | D        | Killed a meat berserker
    73 | D        | Noticed a meat berserker
    73 | D        | Killed a meat berserker
    73 | D        | Killed a meat beast
    75 | D        | Noticed an accursed
    75 | D        | Killed a bag of meat
    75 | D        | Killed a meat berserker
    76 | D        | Noticed a tyrant
    76 | D        | Killed a dread
    77 | D        | Noticed a bag of meat
    77 | D        | Noticed a meat beast
    77 | D        | Noticed an accursed
    77 | D        | Killed a bag of meat
    77 | D        | Killed a bag of meat
    79 | D        | Noticed a bag of meat
    79 | D        | Noticed a bag of meat
    79 | D        | Killed an accursed
    79 | D        | Killed a bag of meat
    80 | D        | Noticed a bag of meat
    80 | D        | Noticed a bag of meat
    80 | D        | Noticed an accursed
    80 | D        | Killed a meat beast
    82 | D        | Noticed a destroyer
    82 | D        | Killed a tyrant
    82 | D        | Killed a sculptor of flesh
    83 | D        | Noticed a meat beast
    83 | D        | Killed a bag of meat
    83 | D        | Killed a bag of meat
    85 | D        | Noticed a meat berserker
    85 | D        | Killed a tyrant
    85 | D        | Killed a large bag of meat
    87 | D        | Noticed a meat berserker
    88 | D        | Noticed a meat berserker
    88 | D        | Killed an accursed
    88 | D        | Lost intelligence.
    88 | D        | Killed a sculptor of flesh
    88 | D        | Killed a bag of meat
    88 | D        | Killed a bag of meat
    89 | D        | Noticed The Captor
    90 | D        | Noticed a large bag of meat
    90 | D        | Noticed a bag of meat
    91 | D        | Noticed a tyrant
    91 | D        | Noticed a meat beast
    91 | D        | Noticed a meat berserker
    91 | D        | Killed a meat berserker
    91 | D        | Killed a meat beast
    91 | D        | Killed a meat berserker
    92 | D        | Noticed a destroyer
    92 | D        | Noticed a meat berserker
    92 | D        | Noticed a bag of meat
    92 | D        | Noticed an accursed
    92 | D        | Killed a meat berserker
    92 | D        | Killed an accursed
    93 | D        | Noticed a bag of meat
    93 | D        | Killed a meat berserker
    93 | D        | Killed a destroyer
    93 | D        | Killed a meat berserker
    94 | D        | Noticed a meat berserker
    94 | D        | Killed an accursed
    94 | D        | Killed a meat beast
    95 | D        | Killed The Captor
    95 | D        | Killed a destroyer
    96 | D        | Killed a large bag of meat
    96 | D        | Killed a meat berserker
    96 | D        | Killed a bag of meat
    97 | D        | Killed a bag of meat
    97 | D        | Killed a bag of meat
    97 | D        | Killed a bag of meat
    97 | D        | Killed an observer
    98 | D        | Noticed an accursed
    98 | D        | Killed an observer
    98 | D        | Killed a bag of meat
    98 | D        | Killed a tyrant
    98 | D        | Killed a meat berserker
    99 | D        | Noticed a bag of meat
   100 | D        | Noticed a dread
   100 | D        | Noticed a meat berserker
   100 | D        | Noticed a bag of meat
   100 | D        | Killed from afar by a wretched soul

Vault maps used:
D:        meatsprint

Action                   |  1- 3 |  4- 6 |  7- 9 | 10-12 | 13-15 | 16-18 | 19-21 | 22-24 | 25-27 || total
-------------------------+-------+-------+-------+-------+-------+-------+-------+-------+-------++-------
Melee: Executioner's axe |     1 |       |       |     1 |     4 |     4 |     4 |     7 |    43 ||    64
  Use: Potion            |       |       |       |       |       |       |       |       |     2 ||     2
